[ AOE2 MATCH · #476490613 ]
UnrankedDravidians vs Mapuche
[ REPLAY ANALYSIS · EXTRACTED FROM THE RECORDED GAME ]
Feudal
16:12
Castle
23:50
Imperial
—
| APM avg | 28.6 |
| APM peak | 51 |
| eAPM avg | 15.8 |
| Villagers / military | 45 / 2 |
Focus
⚔️ 23.4% · 🌾 76.6%
Fishing Ship ×31 · Scout Cavalry ×1 · Demolition Raft ×1
Feudal
13:37
Castle
17:11
Imperial
—
| APM avg | 32.8 |
| APM peak | 69 |
| eAPM avg | 21.6 |
| Villagers / military | 99 / 12 |
Focus
⚔️ 31.9% · 🌾 68.1%
Fishing Ship ×15 · Kona ×11 · Battering Ram ×1
Feudal
14:57
Castle
18:31
Imperial
30:36
| APM avg | 37.6 |
| APM peak | 73 |
| eAPM avg | 26.3 |
| Villagers / military | 192 / 28 |
Focus
⚔️ 34.3% · 🌾 65.7%
Fishing Ship ×60 · Unknown (2626) ×36 · War Elephant ×18 · Scout Cavalry ×7 · Transport Ship ×1 · Demolition Raft ×1
Feudal
14:57
Castle
18:27
Imperial
—
| APM avg | 39.5 |
| APM peak | 70 |
| eAPM avg | 19.9 |
| Villagers / military | 65 / 57 |
Focus
⚔️ 40.4% · 🌾 59.6%
Bolas Rider ×52 · Fishing Ship ×15 · Battering Ram ×4 · Mangonel ×1
Feudal
13:25
Castle
16:57
Imperial
25:27
| APM avg | 70.2 |
| APM peak | 161 |
| eAPM avg | 45.1 |
| Villagers / military | 136 / 40 |
Focus
⚔️ 42.2% · 🌾 57.8%
Fishing Ship ×45 · Genoese Crossbowman ×27 · Unknown (2626) ×14 · Fire Galley ×11 · Spearman ×1 · Transport Ship ×1
Feudal
12:59
Castle
19:49
Imperial
—
| APM avg | 28.2 |
| APM peak | 55 |
| eAPM avg | 20.1 |
| Villagers / military | 156 / 10 |
Focus
⚔️ 30.3% · 🌾 69.7%
Unknown (2626) ×29 · Fishing Ship ×17 · Fire Galley ×7 · Monk ×1 · Galley ×1 · Demolition Raft ×1
Feudal
16:03
Castle
19:58
Imperial
—
| APM avg | 55.7 |
| APM peak | 96 |
| eAPM avg | 26.7 |
| Villagers / military | 93 / 42 |
Focus
⚔️ 29.7% · 🌾 70.3%
Scout Cavalry ×30 · Fishing Ship ×25 · Scorpion ×6 · Camel Scout ×3 · Battering Ram ×2 · Unknown (2626) ×2
Feudal
13:44
Castle
17:12
Imperial
—
| APM avg | 22.8 |
| APM peak | 53 |
| eAPM avg | 14.3 |
| Villagers / military | 73 / 3 |
Focus
⚔️ 17.8% · 🌾 82.2%
Unknown (2626) ×13 · Fishing Ship ×10 · Fire Galley ×3
Match map
Initial resources + every placement click. Lines = walls · curves = elevation contours. ◆ gold · ⬟ stone · ● berries · ✦ relic · ◌ wall gap
Your base· Open — 7t gap
_LY_lyx's base· Open — 9t gap
OS+ | TheKroks's base· Open — 5t gap
合川狗大高手's base· Open — 4t gap
ELEOS | ElNoniro's base· Open — unwalled flank
_LY_Pala's base· Open — unwalled flank
ELEOS | wosm's base· Open — unwalled flank
青烟袅袅's base· Open — 5t gap
Smoothed initial terrain · ◌ = detected wall gap · hover for details
Inputs per minute
— Vazero - - _LY_lyx
Build order — Vazero
132 actions detected in the replay
| 0:27 | Build | Town Center |
| 0:32 | Build | Town Center |
| 0:43 | Build | Dock |
| 0:48 | Build | House |
| 3:09 | Queue | Villager (Male) |
| 3:09 | Queue | Villager (Male) |
| 3:10 | Queue | Villager (Male) |
| 3:10 | Queue | Villager (Male) |
| 3:30 | Queue | Villager (Male) |
| 4:01 | Queue | Fishing Ship |
| 4:52 | Build | House |
| 5:12 | Research | Loom |
| 5:17 | Queue | Villager (Male) |
| 5:19 | Queue | Fishing Ship |
| 5:58 | Queue | Fishing Ship |
| 6:02 | Queue | Villager (Male) |
| 6:39 | Queue | Villager (Male) |
| 6:47 | Queue | Fishing Ship |
| 7:00 | Build | House |
| 7:12 | Queue | Villager (Male) |
| 7:35 | Queue | Fishing Ship |
| 7:46 | Queue | Villager (Male) |
| 8:08 | Queue | Fishing Ship |
| 8:16 | Queue | Villager (Male) |
| 8:29 | Build | House |
| 8:36 | Queue | Villager (Male) |
| 9:05 | Queue | Villager (Male) |
| 9:20 | Build | Dock |
| 9:24 | Queue | Villager (Male) |
| 9:28 | Build | House |
| 9:34 | Queue | Fishing Ship |
| 9:55 | Queue | Villager (Male) |
| 10:04 | Queue | Fishing Ship |
| 10:15 | Queue | Villager (Male) |
| 10:19 | Queue | Fishing Ship |
| 10:37 | Queue | Villager (Male) |
| 10:45 | Queue | Fishing Ship |
| 10:53 | Queue | Fishing Ship |
| 11:00 | Queue | Villager (Male) |
| 11:22 | Queue | Fishing Ship |
| 11:23 | Queue | Villager (Male) |
| 11:35 | Queue | Fishing Ship |
| 11:48 | Build | House |
| 11:57 | Build | Dock |
| 11:59 | Queue | Villager (Male) |
| 12:18 | Queue | Fishing Ship |
| 12:21 | Queue | Villager (Male) |
| 12:38 | Queue | Fishing Ship |
| 12:38 | Queue | Fishing Ship |
| 12:40 | Queue | Villager (Male) |
| 12:54 | Queue | Fishing Ship |
| 13:13 | Build | Lumber Camp |
| 13:16 | Queue | Villager (Male) |
| 13:31 | Queue | Fishing Ship |
| 14:02 | Research | Feudal Age |
| 14:47 | Build | Mining Camp |
| 14:58 | Queue | Fishing Ship |
| 15:00 | Queue | Fishing Ship |
| 15:16 | Queue | Villager (Male) |
| 15:31 | Queue | Fishing Ship |
| 15:32 | Queue | Fishing Ship |
| 15:45 | Build | Barracks |
| 15:53 | Queue | Fishing Ship |
| 16:04 | Build | House |
| 16:12 | Age | Feudal Age |
| 16:14 | Queue | Demolition Raft |
| 16:18 | Queue | Fishing Ship |
| 16:19 | Queue | Fishing Ship |
| 16:25 | Build | Blacksmith |
| 16:31 | Research | Tech 906 |
| 16:37 | Build | Stable |
| 16:43 | Queue | Fishing Ship |
| 16:43 | Queue | Fishing Ship |
| 16:45 | Queue | Villager (Male) |
| 17:08 | Queue | Fishing Ship |
| 17:09 | Queue | Villager (Male) |
| 17:16 | Build | Mill |
| 17:27 | Queue | Villager (Male) |
| 17:47 | Queue | Scout Cavalry |
| 18:06 | Queue | Fishing Ship |
| 18:07 | Queue | Fishing Ship |
| 18:07 | Queue | Villager (Male) |
| 18:12 | Build | House |
| 18:37 | Build | House |
| 18:39 | Build | House |
| 18:42 | Build | House |
| 18:53 | Queue | Villager (Male) |
| 19:00 | Build | Mining Camp |
| 19:07 | Queue | Fishing Ship |
| 19:16 | Build | House |
| 19:20 | Build | Palisade Gate |
| 19:23 | Build | House |
| 19:26 | Build | Palisade Gate |
| 19:39 | Build | Palisade Gate |
| 19:41 | Build | Palisade Wall |
| 19:56 | Build | Palisade Wall |
| 20:01 | Build | House |
| 20:06 | Queue | Villager (Male) |
| 20:29 | Build | Market |
| 20:33 | Build | Palisade Wall |
| 20:35 | Build | House |
| 20:40 | Queue | Villager (Male) |
| 20:47 | Build | House |
| 21:03 | Build | House |
| 21:04 | Build | Palisade Wall |
| 21:10 | Research | Castle Age |
| 21:15 | Research | Fletching |
| 22:04 | Research | Double-Bit Axe |
| 22:57 | Queue | Villager (Male) |
| 23:40 | Queue | Villager (Male) |
| 23:50 | Age | Castle Age |
| 23:54 | Build | Town Center |
| 24:10 | Build | House |
| 24:13 | Build | Palisade Wall |
| 24:15 | Build | Palisade Wall |
| 24:48 | Build | Town Center |
| 25:42 | Build | Palisade Wall |
| 25:47 | Build | Palisade Wall |
| 28:52 | Build | Town Center |
| 28:59 | Build | Palisade Wall |
| 30:54 | Queue | Villager (Male) |
| 30:54 | Queue | Villager (Male) |
| 30:55 | Queue | Villager (Male) |
| 30:55 | Queue | Villager (Male) |
| 30:55 | Queue | Villager (Male) |
| 30:56 | Queue | Villager (Male) |
| 30:56 | Queue | Villager (Male) |
| 30:58 | Queue | Villager (Male) |
| 31:48 | Queue | Villager (Male) |
| 32:06 | Queue | Villager (Male) |
| 32:07 | Queue | Villager (Male) |
| 32:07 | Queue | Villager (Male) |
Build order — _LY_lyx
First 150 of 240 actions detected
| 0:09 | Build | Town Center |
| 1:30 | Build | Dock |
| 2:31 | Queue | Villager (Male) |
| 2:31 | Queue | Villager (Male) |
| 2:32 | Queue | Villager (Male) |
| 2:36 | Build | House |
| 2:37 | Queue | Villager (Male) |
| 4:03 | Queue | Fishing Ship |
| 4:03 | Queue | Fishing Ship |
| 4:05 | Queue | Villager (Male) |
| 4:05 | Queue | Villager (Male) |
| 4:32 | Queue | Villager (Male) |
| 4:38 | Build | House |
| 5:02 | Queue | Villager (Male) |
| 5:02 | Queue | Villager (Male) |
| 5:22 | Queue | Villager (Male) |
| 5:22 | Queue | Villager (Male) |
| 5:22 | Queue | Villager (Male) |
| 5:35 | Queue | Fishing Ship |
| 5:35 | Queue | Fishing Ship |
| 5:56 | Queue | Villager (Male) |
| 5:57 | Queue | Villager (Male) |
| 6:05 | Build | House |
| 6:15 | Queue | Villager (Male) |
| 6:16 | Queue | Villager (Male) |
| 6:34 | Queue | Fishing Ship |
| 6:37 | Queue | Villager (Male) |
| 6:37 | Queue | Villager (Male) |
| 6:57 | Queue | Villager (Male) |
| 6:57 | Queue | Villager (Male) |
| 7:00 | Queue | Fishing Ship |
| 7:24 | Build | House |
| 7:26 | Queue | Fishing Ship |
| 7:27 | Queue | Villager (Male) |
| 7:27 | Queue | Villager (Male) |
| 7:28 | Queue | Villager (Male) |
| 7:43 | Build | House |
| 7:59 | Build | House |
| 8:05 | Queue | Villager (Male) |
| 8:15 | Build | House |
| 8:24 | Queue | Fishing Ship |
| 8:32 | Build | House |
| 8:36 | Build | House |
| 8:44 | Research | Loom |
| 8:58 | Queue | Villager (Male) |
| 9:15 | Build | Settlement |
| 9:22 | Build | Dock |
| 9:32 | Queue | Fishing Ship |
| 9:32 | Queue | Fishing Ship |
| 9:32 | Queue | Fishing Ship |
| 9:39 | Queue | Villager (Male) |
| 9:49 | Queue | Villager (Male) |
| 10:03 | Queue | Fishing Ship |
| 10:10 | Queue | Villager (Male) |
| 10:36 | Queue | Fishing Ship |
| 10:40 | Queue | Villager (Male) |
| 11:01 | Queue | Fishing Ship |
| 11:02 | Queue | Fishing Ship |
| 11:27 | Research | Feudal Age |
| 11:44 | Build | Settlement |
| 13:01 | Queue | Villager (Male) |
| 13:01 | Queue | Villager (Male) |
| 13:37 | Age | Feudal Age |
| 13:39 | Build | Market |
| 13:41 | Build | Blacksmith |
| 13:43 | Research | Town Watch |
| 14:16 | Research | Tech 906 |
| 14:27 | Research | Stone Mining |
| 14:31 | Research | Castle Age |
| 14:31 | Research | Castle Age |
| 14:48 | Build | Outpost |
| 15:19 | Build | Outpost |
| 15:28 | Research | Double-Bit Axe |
| 15:32 | Build | Palisade Wall |
| 16:10 | Research | Horse Collar |
| 16:11 | Research | Gold Mining |
| 17:00 | Build | House |
| 17:02 | Queue | Villager (Male) |
| 17:11 | Age | Castle Age |
| 17:26 | Queue | Villager (Male) |
| 17:37 | Research | Bow Saw |
| 17:37 | Research | Gillnets |
| 17:50 | Build | Castle |
| 17:53 | Build | Palisade Gate |
| 18:01 | Build | Stone Wall |
| 18:03 | Queue | Villager (Male) |
| 18:20 | Queue | Villager (Male) |
| 18:22 | Build | Palisade Wall |
| 18:41 | Queue | Villager (Male) |
| 18:56 | Queue | Kona |
| 19:01 | Build | Outpost |
| 19:04 | Queue | Villager (Male) |
| 19:17 | Queue | Kona |
| 19:22 | Queue | Kona |
| 19:23 | Queue | Kona |
| 19:23 | Queue | Kona |
| 19:25 | Queue | Villager (Male) |
| 19:34 | Build | Outpost |
| 19:48 | Queue | Villager (Male) |
| 20:00 | Queue | Villager (Male) |
| 20:16 | Build | Town Center |
| 20:22 | Queue | Kona |
| 20:27 | Queue | Villager (Male) |
| 20:39 | Research | Forging |
| 20:42 | Build | Settlement |
| 21:07 | Queue | Villager (Male) |
| 21:13 | Research | Fletching |
| 21:16 | Queue | Villager (Male) |
| 21:23 | Queue | Villager (Male) |
| 21:27 | Queue | Villager (Male) |
| 21:36 | Queue | Kona |
| 21:41 | Queue | Villager (Male) |
| 21:53 | Build | House |
| 22:04 | Queue | Kona |
| 22:04 | Queue | Kona |
| 22:05 | Queue | Kona |
| 22:13 | Build | Siege Workshop |
| 22:20 | Queue | Villager (Male) |
| 22:45 | Queue | Villager (Male) |
| 22:48 | Queue | Battering Ram |
| 23:00 | Build | Outpost |
| 23:04 | Build | Farm |
| 23:10 | Build | Farm |
| 23:11 | Queue | Villager (Male) |
| 23:14 | Build | House |
| 23:24 | Queue | Kona |
| 23:25 | Queue | Villager (Male) |
| 23:25 | Queue | Villager (Male) |
| 23:40 | Queue | Villager (Male) |
| 23:51 | Build | Farm |
| 23:52 | Build | Farm |
| 23:59 | Queue | Villager (Male) |
| 24:00 | Build | Farm |
| 24:15 | Queue | Villager (Male) |
| 24:21 | Build | Farm |
| 24:40 | Queue | Villager (Male) |
| 24:40 | Queue | Villager (Male) |
| 24:51 | Build | House |
| 24:52 | Build | House |
| 24:53 | Queue | Villager (Male) |
| 25:07 | Build | Town Center |
| 25:29 | Queue | Villager (Male) |
| 25:30 | Build | Farm |
| 25:33 | Research | Wheelbarrow |
| 25:34 | Research | Wheelbarrow |
| 25:54 | Build | House |
| 25:56 | Queue | Villager (Male) |
| 25:59 | Queue | Villager (Male) |
| 26:01 | Build | Town Center |
| 26:04 | Build | House |
Build order — OS+ | TheKroks
First 150 of 435 actions detected
| 0:21 | Build | Town Center |
| 0:31 | Build | Dock |
| 2:34 | Queue | Villager (Male) |
| 2:34 | Queue | Villager (Male) |
| 2:34 | Queue | Villager (Male) |
| 2:34 | Queue | Villager (Male) |
| 2:35 | Queue | Villager (Male) |
| 2:39 | Queue | Fishing Ship |
| 3:04 | Queue | Villager (Male) |
| 3:39 | Queue | Fishing Ship |
| 3:50 | Build | House |
| 4:31 | Queue | Villager (Male) |
| 4:39 | Queue | Fishing Ship |
| 4:40 | Queue | Fishing Ship |
| 5:13 | Build | House |
| 5:13 | Queue | Villager (Male) |
| 5:14 | Queue | Villager (Male) |
| 5:34 | Queue | Villager (Male) |
| 5:49 | Queue | Fishing Ship |
| 5:49 | Queue | Fishing Ship |
| 5:50 | Queue | Villager (Male) |
| 6:16 | Queue | Fishing Ship |
| 6:23 | Build | House |
| 6:25 | Queue | Villager (Male) |
| 6:50 | Build | Lumber Camp |
| 6:51 | Queue | Villager (Male) |
| 6:51 | Queue | Villager (Male) |
| 7:03 | Queue | Villager (Male) |
| 7:14 | Queue | Fishing Ship |
| 7:18 | Queue | Villager (Male) |
| 7:18 | Queue | Villager (Male) |
| 7:32 | Build | House |
| 7:44 | Queue | Villager (Male) |
| 8:07 | Queue | Fishing Ship |
| 8:08 | Queue | Villager (Male) |
| 8:09 | Queue | Villager (Male) |
| 8:23 | Queue | Villager (Male) |
| 8:26 | Build | Dock |
| 8:39 | Queue | Fishing Ship |
| 8:54 | Queue | Villager (Male) |
| 8:54 | Queue | Villager (Male) |
| 9:00 | Build | House |
| 9:08 | Queue | Fishing Ship |
| 9:11 | Queue | Fishing Ship |
| 9:12 | Queue | Villager (Male) |
| 9:19 | Queue | Fishing Ship |
| 9:24 | Queue | Fishing Ship |
| 9:32 | Queue | Villager (Male) |
| 9:50 | Queue | Villager (Male) |
| 9:56 | Queue | Fishing Ship |
| 10:04 | Build | Dock |
| 10:06 | Queue | Villager (Male) |
| 10:06 | Queue | Villager (Male) |
| 10:19 | Queue | Fishing Ship |
| 10:35 | Queue | Fishing Ship |
| 10:45 | Queue | Fishing Ship |
| 10:45 | Queue | Fishing Ship |
| 10:48 | Build | Palisade Wall |
| 10:53 | Queue | Fishing Ship |
| 10:53 | Queue | Fishing Ship |
| 10:59 | Queue | Villager (Male) |
| 11:03 | Queue | Villager (Male) |
| 11:09 | Build | Mining Camp |
| 11:16 | Build | House |
| 11:17 | Queue | Villager (Male) |
| 11:22 | Queue | Villager (Male) |
| 11:28 | Queue | Fishing Ship |
| 11:28 | Queue | Fishing Ship |
| 11:44 | Queue | Fishing Ship |
| 11:48 | Queue | Villager (Male) |
| 11:56 | Queue | Fishing Ship |
| 11:56 | Queue | Fishing Ship |
| 11:59 | Queue | Villager (Male) |
| 11:59 | Queue | Villager (Male) |
| 12:11 | Build | House |
| 12:17 | Queue | Fishing Ship |
| 12:17 | Queue | Fishing Ship |
| 12:27 | Queue | Fishing Ship |
| 12:28 | Queue | Villager (Male) |
| 12:39 | Queue | Fishing Ship |
| 12:48 | Research | Feudal Age |
| 12:49 | Research | Feudal Age |
| 13:00 | Build | House |
| 13:07 | Build | Barracks |
| 13:43 | Build | Lumber Camp |
| 13:56 | Queue | Fishing Ship |
| 14:03 | Queue | Villager (Male) |
| 14:04 | Queue | Villager (Male) |
| 14:13 | Queue | Fishing Ship |
| 14:13 | Queue | Fishing Ship |
| 14:46 | Queue | Villager (Male) |
| 14:57 | Age | Feudal Age |
| 14:58 | Build | Stable |
| 15:00 | Build | Blacksmith |
| 15:03 | Research | Double-Bit Axe |
| 15:26 | Research | Tech 906 |
| 15:28 | Research | Gold Mining |
| 15:45 | Build | House |
| 15:47 | Build | House |
| 15:51 | Research | Castle Age |
| 15:55 | Queue | Unit 2626 |
| 15:55 | Queue | Unit 2626 |
| 15:55 | Queue | Unit 2626 |
| 16:05 | Build | House |
| 16:06 | Build | House |
| 16:23 | Queue | Unit 2626 |
| 16:23 | Queue | Scout Cavalry |
| 16:25 | Research | Forging |
| 16:28 | Research | Scale Barding Armor |
| 16:31 | Queue | Scout Cavalry |
| 16:57 | Build | Dock |
| 17:00 | Queue | Fishing Ship |
| 17:01 | Queue | Fishing Ship |
| 17:01 | Queue | Fishing Ship |
| 17:12 | Queue | Scout Cavalry |
| 17:14 | Research | Bloodlines |
| 17:23 | Queue | Scout Cavalry |
| 17:44 | Queue | Villager (Male) |
| 17:44 | Queue | Villager (Male) |
| 17:55 | Queue | Scout Cavalry |
| 18:06 | Queue | Fishing Ship |
| 18:31 | Age | Castle Age |
| 18:33 | Research | Bow Saw |
| 18:37 | Queue | Villager (Male) |
| 18:40 | Build | Town Center |
| 18:45 | Build | Town Center |
| 18:51 | Build | Fish Trap |
| 18:54 | Research | Light Cavalry (upgrade) |
| 19:03 | Research | Wheelbarrow |
| 19:14 | Research | Gillnets |
| 19:16 | Queue | Villager (Male) |
| 19:20 | Queue | Unit 2626 |
| 19:20 | Queue | Unit 2626 |
| 19:28 | Queue | Villager (Male) |
| 19:43 | Research | Iron Casting |
| 19:47 | Queue | Unit 2626 |
| 19:48 | Queue | Unit 2626 |
| 19:48 | Queue | Unit 2626 |
| 19:49 | Queue | Villager (Male) |
| 19:50 | Queue | Villager (Male) |
| 19:58 | Queue | Villager (Male) |
| 20:02 | Queue | Unit 2626 |
| 20:03 | Queue | Unit 2626 |
| 20:16 | Queue | Unit 2626 |
| 20:17 | Queue | Unit 2626 |
| 20:23 | Research | Husbandry |
| 20:25 | Queue | Villager (Male) |
| 20:26 | Queue | Villager (Male) |
| 20:28 | Queue | Villager (Male) |
| 20:28 | Queue | Villager (Male) |
Build order — 合川狗大高手
First 150 of 213 actions detected
| 0:15 | Build | Town Center |
| 1:36 | Build | Dock |
| 1:41 | Build | House |
| 2:34 | Queue | Villager (Male) |
| 2:34 | Queue | Villager (Male) |
| 2:34 | Queue | Villager (Male) |
| 2:35 | Queue | Villager (Male) |
| 2:35 | Queue | Villager (Male) |
| 3:46 | Queue | Fishing Ship |
| 4:15 | Research | Loom |
| 4:23 | Queue | Fishing Ship |
| 4:42 | Queue | Villager (Male) |
| 4:43 | Build | House |
| 5:11 | Queue | Villager (Male) |
| 5:12 | Queue | Villager (Male) |
| 5:12 | Queue | Villager (Male) |
| 5:37 | Queue | Villager (Male) |
| 5:38 | Queue | Villager (Male) |
| 5:38 | Queue | Villager (Male) |
| 5:48 | Build | House |
| 6:00 | Queue | Villager (Male) |
| 6:00 | Queue | Villager (Male) |
| 6:24 | Queue | Fishing Ship |
| 6:25 | Queue | Villager (Male) |
| 6:26 | Queue | Villager (Male) |
| 6:52 | Queue | Villager (Male) |
| 7:00 | Queue | Fishing Ship |
| 7:00 | Queue | Fishing Ship |
| 7:34 | Queue | Villager (Male) |
| 7:36 | Queue | Fishing Ship |
| 7:43 | Queue | Villager (Male) |
| 7:45 | Build | House |
| 7:53 | Build | House |
| 8:15 | Queue | Villager (Male) |
| 8:16 | Queue | Fishing Ship |
| 8:40 | Build | House |
| 8:45 | Queue | Villager (Male) |
| 8:53 | Queue | Fishing Ship |
| 9:19 | Queue | Fishing Ship |
| 9:27 | Queue | Villager (Male) |
| 9:28 | Queue | Villager (Male) |
| 9:41 | Build | House |
| 10:04 | Queue | Villager (Male) |
| 10:10 | Queue | Fishing Ship |
| 10:10 | Queue | Villager (Male) |
| 10:27 | Queue | Fishing Ship |
| 10:30 | Build | House |
| 10:57 | Queue | Villager (Male) |
| 11:19 | Queue | Villager (Male) |
| 11:23 | Build | Settlement |
| 11:32 | Queue | Fishing Ship |
| 11:38 | Queue | Villager (Male) |
| 12:10 | Queue | Villager (Male) |
| 12:29 | Research | Feudal Age |
| 12:45 | Build | Dock |
| 13:01 | Queue | Villager (Male) |
| 13:25 | Build | Barracks |
| 14:10 | Build | House |
| 14:19 | Build | House |
| 14:23 | Queue | Fishing Ship |
| 14:43 | Build | House |
| 14:57 | Age | Feudal Age |
| 14:58 | Build | Archery Range |
| 15:00 | Build | Blacksmith |
| 15:05 | Research | Double-Bit Axe |
| 15:06 | Research | Tech 906 |
| 15:15 | Queue | Fishing Ship |
| 15:20 | Research | Town Watch |
| 15:46 | Research | Castle Age |
| 15:50 | Build | Settlement |
| 16:05 | Build | Archery Range |
| 16:08 | Research | Gold Mining |
| 16:40 | Research | Fletching |
| 17:04 | Queue | Villager (Male) |
| 17:11 | Build | Archery Range |
| 17:31 | Build | Settlement |
| 18:11 | Build | House |
| 18:13 | Build | House |
| 18:20 | Research | Horse Collar |
| 18:27 | Age | Castle Age |
| 18:29 | Queue | Bolas Rider |
| 18:29 | Queue | Bolas Rider |
| 18:30 | Queue | Bolas Rider |
| 18:32 | Research | Bodkin Arrow |
| 18:34 | Research | Bow Saw |
| 18:34 | Research | Bow Saw |
| 18:34 | Queue | Villager (Male) |
| 18:47 | Build | University |
| 18:50 | Queue | Bolas Rider |
| 18:51 | Queue | Bolas Rider |
| 18:51 | Queue | Bolas Rider |
| 18:52 | Research | Padded Archer Armor |
| 19:04 | Build | House |
| 19:08 | Build | House |
| 19:08 | Queue | Villager (Male) |
| 19:15 | Queue | Bolas Rider |
| 19:24 | Queue | Villager (Male) |
| 19:37 | Queue | Fishing Ship |
| 19:40 | Queue | Bolas Rider |
| 19:42 | Queue | Bolas Rider |
| 20:19 | Research | Ballistics |
| 20:19 | Research | Ballistics |
| 20:19 | Research | Ballistics |
| 20:19 | Queue | Villager (Male) |
| 20:21 | Queue | Villager (Male) |
| 20:23 | Build | Palisade Wall |
| 20:24 | Build | Palisade Wall |
| 20:39 | Queue | Bolas Rider |
| 20:39 | Queue | Villager (Male) |
| 20:59 | Build | Siege Workshop |
| 21:08 | Queue | Bolas Rider |
| 21:19 | Queue | Villager (Male) |
| 21:33 | Queue | Bolas Rider |
| 21:36 | Queue | Bolas Rider |
| 21:44 | Queue | Villager (Male) |
| 21:56 | Queue | Battering Ram |
| 21:57 | Build | House |
| 22:02 | Queue | Villager (Male) |
| 22:08 | Queue | Bolas Rider |
| 22:09 | Queue | Bolas Rider |
| 22:23 | Build | House |
| 22:30 | Queue | Villager (Male) |
| 22:36 | Build | House |
| 22:38 | Build | Palisade Wall |
| 22:39 | Build | Palisade Wall |
| 22:40 | Build | Palisade Wall |
| 22:42 | Build | Palisade Wall |
| 22:47 | Build | House |
| 22:48 | Build | Palisade Wall |
| 22:56 | Queue | Villager (Male) |
| 23:08 | Queue | Battering Ram |
| 23:09 | Queue | Bolas Rider |
| 23:16 | Build | Farm |
| 23:22 | Build | House |
| 23:24 | Build | Palisade Wall |
| 23:43 | Queue | Battering Ram |
| 23:48 | Queue | Villager (Male) |
| 23:50 | Research | Wheelbarrow |
| 23:50 | Queue | Villager (Male) |
| 23:52 | Build | House |
| 23:59 | Build | Farm |
| 24:01 | Build | Farm |
| 24:03 | Build | Farm |
| 24:11 | Queue | Bolas Rider |
| 24:12 | Queue | Bolas Rider |
| 24:13 | Queue | Villager (Male) |
| 24:14 | Build | Farm |
| 24:14 | Queue | Villager (Male) |
| 24:21 | Build | Farm |
| 24:29 | Queue | Bolas Rider |
Build order — ELEOS | ElNoniro
First 150 of 364 actions detected
| 0:07 | Build | Town Center |
| 0:33 | Build | Dock |
| 0:37 | Build | House |
| 2:27 | Queue | Villager (Male) ×4 |
| 2:27 | Queue | Villager (Male) ×4 |
| 3:18 | Queue | Fishing Ship |
| 3:35 | Queue | Villager (Male) |
| 3:35 | Queue | Villager (Male) |
| 4:03 | Queue | Fishing Ship |
| 4:31 | Queue | Villager (Male) |
| 4:55 | Queue | Villager (Male) |
| 4:55 | Queue | Villager (Male) |
| 5:14 | Queue | Fishing Ship |
| 5:18 | Queue | Villager (Male) |
| 5:34 | Build | House |
| 5:42 | Queue | Villager (Male) |
| 6:00 | Queue | Fishing Ship |
| 6:08 | Queue | Villager (Male) |
| 6:27 | Queue | Villager (Male) |
| 6:30 | Queue | Fishing Ship |
| 6:39 | Queue | Villager (Male) |
| 6:44 | Build | House |
| 7:11 | Queue | Fishing Ship |
| 7:24 | Queue | Villager (Male) |
| 7:42 | Queue | Villager (Male) |
| 7:47 | Build | Dock |
| 8:03 | Queue | Fishing Ship |
| 8:07 | Build | House |
| 8:08 | Queue | Villager (Male) |
| 8:23 | Queue | Fishing Ship |
| 8:23 | Queue | Villager (Male) |
| 8:29 | Queue | Fishing Ship |
| 8:38 | Build | House |
| 8:44 | Queue | Fishing Ship |
| 9:01 | Queue | Fishing Ship |
| 9:01 | Queue | Fishing Ship |
| 9:06 | Queue | Villager (Male) |
| 9:29 | Build | Dock |
| 9:29 | Queue | Villager (Male) |
| 9:47 | Queue | Villager (Male) |
| 9:59 | Queue | Villager (Male) |
| 10:02 | Queue | Fishing Ship |
| 10:02 | Queue | Fishing Ship |
| 10:02 | Queue | Fishing Ship |
| 10:06 | Build | House |
| 10:18 | Queue | Fishing Ship |
| 10:20 | Queue | Villager (Male) |
| 10:41 | Build | Lumber Camp |
| 10:47 | Queue | Villager (Male) |
| 10:57 | Queue | Fishing Ship |
| 10:57 | Queue | Fishing Ship |
| 11:09 | Queue | Fishing Ship |
| 11:15 | Research | Feudal Age |
| 11:15 | Research | Feudal Age |
| 11:15 | Research | Feudal Age |
| 11:15 | Research | Feudal Age |
| 11:24 | Queue | Fishing Ship |
| 11:24 | Queue | Fishing Ship |
| 11:41 | Build | Mining Camp |
| 12:16 | Queue | Fishing Ship |
| 12:17 | Queue | Fishing Ship |
| 12:17 | Queue | Fishing Ship |
| 12:19 | Build | House |
| 12:49 | Queue | Fishing Ship |
| 12:49 | Queue | Fishing Ship |
| 12:55 | Build | Mill |
| 13:15 | Queue | Villager (Male) |
| 13:15 | Queue | Villager (Male) |
| 13:25 | Age | Feudal Age |
| 13:28 | Build | Market |
| 13:31 | Build | Blacksmith |
| 13:54 | Research | Double-Bit Axe |
| 13:57 | Research | Tech 906 |
| 13:57 | Research | Tech 906 |
| 13:57 | Research | Tech 906 |
| 13:57 | Research | Tech 906 |
| 14:06 | Queue | Fishing Ship |
| 14:06 | Queue | Fishing Ship |
| 14:11 | Queue | Unit 2626 |
| 14:17 | Research | Castle Age |
| 14:17 | Research | Castle Age |
| 14:17 | Research | Castle Age |
| 14:17 | Research | Castle Age |
| 14:17 | Research | Castle Age |
| 14:28 | Queue | Unit 2626 |
| 14:30 | Queue | Unit 2626 |
| 14:44 | Queue | Unit 2626 |
| 14:54 | Build | House |
| 14:57 | Queue | Unit 2626 |
| 14:57 | Queue | Unit 2626 |
| 15:16 | Build | House |
| 15:25 | Build | Dock |
| 15:28 | Queue | Unit 2626 |
| 15:36 | Queue | Villager (Male) |
| 15:40 | Queue | Unit 2626 |
| 15:40 | Queue | Unit 2626 |
| 15:59 | Queue | Unit 2626 |
| 15:59 | Queue | Villager (Male) |
| 16:57 | Age | Castle Age |
| 17:00 | Build | Town Center |
| 17:02 | Build | Town Center |
| 17:13 | Research | Loom |
| 17:20 | Research | Bow Saw |
| 17:20 | Research | Bow Saw |
| 17:20 | Research | Bow Saw |
| 17:21 | Queue | Villager (Male) |
| 17:36 | Queue | Unit 2626 |
| 17:42 | Queue | Unit 2626 |
| 17:45 | Queue | Villager (Male) |
| 18:04 | Queue | Villager (Male) |
| 18:07 | Queue | Villager (Male) |
| 18:11 | Queue | Villager (Male) |
| 18:11 | Queue | Villager (Male) |
| 18:11 | Queue | Villager (Male) |
| 18:13 | Research | War Galley (upgrade) |
| 18:13 | Research | War Galley (upgrade) |
| 18:13 | Queue | Villager (Male) |
| 18:13 | Queue | Villager (Male) |
| 18:19 | Queue | Unit 2626 |
| 18:19 | Queue | Unit 2626 |
| 18:29 | Queue | Fire Galley |
| 18:30 | Queue | Fire Galley |
| 18:37 | Queue | Villager (Male) |
| 18:37 | Queue | Villager (Male) |
| 18:38 | Queue | Villager (Male) |
| 19:00 | Queue | Fire Galley |
| 19:00 | Queue | Fire Galley |
| 19:00 | Queue | Fire Galley |
| 19:12 | Research | Forging |
| 19:12 | Research | Forging |
| 19:34 | Queue | Fire Galley |
| 19:34 | Queue | Fire Galley |
| 19:36 | Queue | Villager (Male) |
| 19:38 | Queue | Villager (Male) |
| 19:39 | Build | House |
| 19:42 | Research | Wheelbarrow |
| 19:42 | Queue | Villager (Male) |
| 19:42 | Queue | Villager (Male) |
| 20:01 | Queue | Villager (Male) |
| 20:03 | Research | Town Watch |
| 20:03 | Research | Town Watch |
| 20:04 | Queue | Villager (Male) |
| 20:11 | Queue | Fire Galley |
| 20:11 | Queue | Fire Galley |
| 20:12 | Queue | Villager (Male) |
| 20:32 | Queue | Villager (Male) |
| 20:34 | Build | House |
| 20:34 | Build | House |
| 20:36 | Queue | Villager (Male) |
| 20:38 | Build | Mining Camp |
Build order — _LY_Pala
First 150 of 333 actions detected
| 0:11 | Build | Town Center |
| 0:59 | Build | Dock |
| 1:43 | Build | Dock |
| 1:58 | Build | House |
| 2:42 | Queue | Villager (Male) |
| 2:42 | Queue | Villager (Male) |
| 2:42 | Queue | Villager (Male) |
| 2:43 | Queue | Villager (Male) |
| 2:43 | Queue | Villager (Male) |
| 2:43 | Queue | Villager (Male) |
| 3:15 | Queue | Fishing Ship |
| 4:03 | Build | House |
| 4:34 | Queue | Fishing Ship |
| 4:43 | Build | Palisade Wall |
| 4:45 | Research | Loom |
| 4:54 | Build | House |
| 5:00 | Build | House |
| 5:09 | Queue | Villager (Male) |
| 5:09 | Queue | Villager (Male) |
| 5:25 | Queue | Fishing Ship |
| 5:25 | Queue | Fishing Ship |
| 5:35 | Build | Palisade Wall |
| 5:36 | Build | Palisade Wall |
| 5:37 | Build | Palisade Wall |
| 5:38 | Build | Palisade Wall |
| 5:38 | Build | Palisade Wall |
| 5:49 | Queue | Villager (Male) |
| 6:08 | Queue | Villager (Male) |
| 6:09 | Queue | Villager (Male) |
| 6:30 | Queue | Villager (Male) |
| 6:31 | Queue | Villager (Male) |
| 6:36 | Queue | Fishing Ship |
| 6:36 | Queue | Fishing Ship |
| 6:55 | Queue | Villager (Male) |
| 6:55 | Queue | Villager (Male) |
| 7:08 | Queue | Villager (Male) |
| 7:09 | Queue | Villager (Male) |
| 7:17 | Queue | Fishing Ship |
| 7:27 | Build | House |
| 7:37 | Queue | Villager (Male) |
| 7:38 | Queue | Villager (Male) |
| 7:45 | Queue | Fishing Ship |
| 7:46 | Queue | Fishing Ship |
| 7:59 | Queue | Villager (Male) |
| 7:59 | Queue | Villager (Male) |
| 8:05 | Queue | Villager (Male) |
| 8:05 | Queue | Villager (Male) |
| 8:22 | Build | House |
| 8:28 | Queue | Villager (Male) |
| 8:37 | Build | Palisade Wall |
| 8:41 | Queue | Fishing Ship |
| 8:41 | Queue | Fishing Ship |
| 8:48 | Queue | Villager (Male) |
| 8:53 | Build | House |
| 9:05 | Queue | Fishing Ship |
| 9:24 | Queue | Fishing Ship |
| 9:32 | Build | House |
| 10:07 | Queue | Villager (Male) |
| 10:14 | Build | Lumber Camp |
| 10:26 | Queue | Villager (Male) |
| 10:51 | Build | Mining Camp |
| 10:56 | Research | Feudal Age |
| 11:12 | Build | Palisade Wall |
| 11:14 | Build | Palisade Wall |
| 11:24 | Build | Palisade Wall |
| 11:39 | Build | Dock |
| 11:51 | Build | Outpost |
| 12:17 | Queue | Villager (Male) |
| 12:51 | Build | Outpost |
| 12:59 | Age | Feudal Age |
| 13:02 | Queue | Unit 2626 |
| 13:03 | Queue | Fire Galley |
| 13:06 | Research | Double-Bit Axe |
| 13:07 | Research | Town Watch |
| 13:11 | Build | House |
| 13:24 | Build | Palisade Wall |
| 13:28 | Build | Palisade Wall |
| 13:30 | Build | Palisade Wall |
| 13:35 | Queue | Villager (Male) |
| 13:40 | Queue | Fire Galley |
| 13:42 | Queue | Fire Galley |
| 13:56 | Queue | Villager (Male) |
| 13:57 | Build | House |
| 14:18 | Queue | Unit 2626 |
| 14:32 | Queue | Villager (Male) |
| 14:34 | Build | House |
| 14:45 | Queue | Villager (Male) |
| 14:59 | Build | Dock |
| 15:12 | Queue | Villager (Male) |
| 15:15 | Build | Mill |
| 15:32 | Build | House |
| 15:36 | Queue | Villager (Male) |
| 15:54 | Queue | Villager (Male) |
| 15:57 | Build | Blacksmith |
| 16:03 | Build | Market |
| 16:12 | Queue | Fishing Ship |
| 16:12 | Queue | Fishing Ship |
| 16:20 | Queue | Villager (Male) |
| 16:36 | Build | Dock |
| 16:41 | Queue | Villager (Male) |
| 16:54 | Build | House |
| 17:23 | Research | Castle Age |
| 18:25 | Build | House |
| 18:28 | Build | House |
| 18:33 | Build | House |
| 18:38 | Build | Palisade Wall |
| 18:41 | Queue | Fishing Ship |
| 18:41 | Queue | Fishing Ship |
| 19:14 | Build | Dock |
| 19:45 | Build | Palisade Wall |
| 19:47 | Build | Palisade Wall |
| 19:49 | Age | Castle Age |
| 20:01 | Build | Town Center |
| 20:02 | Queue | Villager (Male) |
| 20:05 | Research | War Galley (upgrade) |
| 20:07 | Queue | Villager (Male) |
| 20:08 | Queue | Villager (Male) |
| 20:34 | Queue | Unit 2626 |
| 20:34 | Queue | Unit 2626 |
| 20:38 | Queue | Villager (Male) |
| 20:44 | Queue | Villager (Male) |
| 21:10 | Build | Dock |
| 21:11 | Queue | Villager (Male) |
| 21:12 | Queue | Villager (Male) |
| 21:24 | Queue | Villager (Male) |
| 21:28 | Build | Town Center |
| 21:35 | Queue | Villager (Male) |
| 21:36 | Queue | Villager (Male) |
| 21:36 | Queue | Villager (Male) |
| 21:39 | Queue | Unit 2626 |
| 21:39 | Queue | Unit 2626 |
| 21:39 | Queue | Unit 2626 |
| 21:39 | Queue | Unit 2626 |
| 21:40 | Queue | Unit 2626 |
| 21:40 | Queue | Unit 2626 |
| 21:47 | Build | Palisade Gate |
| 21:55 | Build | Palisade Wall |
| 22:05 | Build | Palisade Wall |
| 22:07 | Queue | Villager (Male) |
| 22:07 | Queue | Villager (Male) |
| 22:08 | Queue | Villager (Male) |
| 22:08 | Queue | Villager (Male) |
| 22:11 | Queue | Unit 2626 |
| 22:11 | Queue | Unit 2626 |
| 22:11 | Queue | Unit 2626 |
| 22:18 | Queue | Villager (Male) |
| 22:37 | Queue | Villager (Male) |
| 22:37 | Queue | Villager (Male) |
| 22:39 | Queue | Villager (Male) |
| 22:40 | Queue | Villager (Male) |
Build order — ELEOS | wosm
First 150 of 272 actions detected
| 0:06 | Build | Town Center |
| 0:40 | Build | Dock |
| 1:39 | Build | House |
| 2:28 | Queue | Villager (Male) |
| 2:28 | Queue | Villager (Male) |
| 2:29 | Queue | Villager (Male) |
| 2:30 | Queue | Villager (Male) |
| 3:07 | Queue | Fishing Ship |
| 3:31 | Queue | Villager (Male) |
| 4:04 | Build | House |
| 4:26 | Queue | Villager (Male) |
| 4:46 | Queue | Villager (Male) |
| 4:57 | Queue | Fishing Ship |
| 5:19 | Queue | Villager (Male) |
| 5:34 | Queue | Fishing Ship |
| 5:44 | Queue | Villager (Male) |
| 5:52 | Build | House |
| 6:08 | Queue | Villager (Male) |
| 6:19 | Queue | Fishing Ship |
| 6:31 | Queue | Villager (Male) |
| 6:48 | Build | House |
| 6:55 | Queue | Fishing Ship |
| 7:02 | Queue | Villager (Male) |
| 7:24 | Queue | Villager (Male) |
| 7:26 | Queue | Fishing Ship |
| 7:39 | Build | House |
| 7:55 | Queue | Villager (Male) |
| 7:55 | Queue | Villager (Male) |
| 8:05 | Build | Palisade Wall |
| 8:06 | Build | Palisade Wall |
| 8:08 | Build | Palisade Wall |
| 8:13 | Build | Dock |
| 8:17 | Queue | Villager (Male) |
| 8:19 | Build | Palisade Wall |
| 8:37 | Queue | Fishing Ship |
| 8:41 | Queue | Villager (Male) |
| 8:49 | Build | House |
| 8:53 | Queue | Villager (Male) |
| 9:05 | Queue | Villager (Male) |
| 9:06 | Queue | Fishing Ship |
| 9:12 | Queue | Fishing Ship |
| 9:23 | Queue | Fishing Ship |
| 9:25 | Build | House |
| 9:40 | Queue | Villager (Male) |
| 9:49 | Build | Palisade Gate |
| 9:55 | Build | Palisade Wall |
| 10:04 | Queue | Fishing Ship |
| 10:05 | Queue | Fishing Ship |
| 10:15 | Build | House |
| 10:16 | Queue | Villager (Male) |
| 10:21 | Build | Lumber Camp |
| 10:39 | Queue | Fishing Ship |
| 10:48 | Queue | Villager (Male) |
| 10:49 | Queue | Fishing Ship |
| 10:53 | Build | Palisade Wall |
| 11:08 | Build | Palisade Wall |
| 11:12 | Queue | Villager (Male) |
| 11:23 | Build | Palisade Wall |
| 11:27 | Build | Palisade Wall |
| 11:30 | Queue | Villager (Male) |
| 11:31 | Queue | Fishing Ship |
| 11:31 | Queue | Fishing Ship |
| 11:45 | Build | Mining Camp |
| 11:46 | Queue | Fishing Ship |
| 12:04 | Build | Palisade Gate |
| 12:10 | Queue | Villager (Male) |
| 12:11 | Queue | Villager (Male) |
| 12:12 | Queue | Fishing Ship |
| 12:29 | Build | House |
| 12:36 | Queue | Villager (Male) |
| 12:40 | Queue | Villager (Male) |
| 12:45 | Queue | Fishing Ship |
| 12:45 | Queue | Fishing Ship |
| 12:50 | Build | Mill |
| 12:53 | Build | House |
| 13:00 | Queue | Villager (Male) |
| 13:06 | Build | House |
| 13:08 | Build | House |
| 13:46 | Research | Feudal Age |
| 14:19 | Queue | Fishing Ship |
| 14:20 | Queue | Fishing Ship |
| 14:29 | Build | House |
| 14:31 | Build | House |
| 14:40 | Build | Barracks |
| 15:48 | Build | House |
| 15:56 | Queue | Villager (Male) |
| 15:57 | Queue | Villager (Male) |
| 16:03 | Age | Feudal Age |
| 16:04 | Build | Stable |
| 16:08 | Build | Market |
| 16:33 | Build | Dock |
| 16:45 | Research | Loom |
| 16:46 | Queue | Scout Cavalry |
| 16:46 | Queue | Scout Cavalry |
| 16:59 | Build | Stable |
| 17:06 | Build | House |
| 17:10 | Research | Castle Age |
| 17:15 | Build | House |
| 17:15 | Build | House |
| 17:17 | Build | Palisade Wall |
| 17:40 | Build | House |
| 17:44 | Queue | Unit 2626 |
| 17:47 | Queue | Scout Cavalry |
| 17:47 | Queue | Scout Cavalry |
| 17:58 | Build | Blacksmith |
| 18:03 | Queue | Scout Cavalry |
| 18:03 | Queue | Scout Cavalry |
| 18:07 | Research | Bloodlines |
| 18:11 | Queue | Scout Cavalry |
| 18:22 | Queue | Scout Cavalry |
| 18:26 | Build | House |
| 18:29 | Queue | Unit 2626 |
| 18:37 | Queue | Scout Cavalry |
| 18:46 | Research | Forging |
| 19:00 | Queue | Scout Cavalry |
| 19:00 | Queue | Scout Cavalry |
| 19:05 | Build | House |
| 19:06 | Build | House |
| 19:13 | Research | Scale Barding Armor |
| 19:26 | Queue | Fire Galley |
| 19:44 | Queue | Scout Cavalry |
| 19:56 | Queue | Scout Cavalry |
| 19:58 | Age | Castle Age |
| 20:04 | Research | Light Cavalry (upgrade) |
| 20:10 | Queue | Villager (Male) |
| 20:22 | Queue | Villager (Male) |
| 20:31 | Queue | Scout Cavalry |
| 20:31 | Queue | Scout Cavalry |
| 20:49 | Queue | Scout Cavalry |
| 20:49 | Queue | Scout Cavalry |
| 21:05 | Queue | Villager (Male) |
| 21:05 | Queue | Villager (Male) |
| 21:18 | Queue | Villager (Male) |
| 21:20 | Build | Archery Range |
| 21:24 | Build | Lumber Camp |
| 21:27 | Build | Siege Workshop |
| 21:34 | Build | Town Center |
| 21:35 | Queue | Villager (Male) |
| 22:06 | Queue | Villager (Male) |
| 22:06 | Queue | Villager (Male) |
| 22:08 | Research | Double-Bit Axe |
| 22:12 | Queue | Scorpion |
| 22:13 | Queue | Scorpion |
| 22:52 | Queue | Villager (Male) |
| 22:55 | Queue | Villager (Male) |
| 22:55 | Queue | Villager (Male) |
| 23:02 | Build | Town Center |
| 23:03 | Queue | Villager (Male) |
| 23:11 | Queue | Scout Cavalry |
| 23:11 | Queue | Scout Cavalry |
Build order — 青烟袅袅
139 actions detected in the replay
| 0:16 | Build | Town Center |
| 1:41 | Build | Dock |
| 1:48 | Build | House |
| 2:34 | Queue | Villager (Male) |
| 2:34 | Queue | Villager (Male) |
| 2:35 | Queue | Villager (Male) |
| 2:35 | Queue | Villager (Male) |
| 2:35 | Queue | Villager (Male) |
| 2:38 | Queue | Fishing Ship |
| 4:01 | Queue | Fishing Ship |
| 4:38 | Build | House |
| 4:43 | Queue | Villager (Male) |
| 4:43 | Queue | Villager (Male) |
| 4:49 | Research | Loom |
| 4:52 | Queue | Villager (Male) |
| 4:52 | Queue | Villager (Male) |
| 5:20 | Build | House |
| 5:27 | Queue | Villager (Male) |
| 5:27 | Queue | Villager (Male) |
| 5:56 | Queue | Villager (Male) |
| 6:02 | Queue | Villager (Male) |
| 6:02 | Queue | Villager (Male) |
| 6:18 | Queue | Villager (Male) |
| 6:19 | Queue | Villager (Male) |
| 6:25 | Queue | Fishing Ship |
| 6:47 | Queue | Villager (Male) |
| 7:11 | Queue | Fishing Ship |
| 7:47 | Queue | Villager (Male) |
| 7:47 | Queue | Villager (Male) |
| 7:49 | Queue | Fishing Ship |
| 7:52 | Queue | Villager (Male) |
| 7:52 | Queue | Villager (Male) |
| 7:53 | Queue | Villager (Male) |
| 8:11 | Build | House |
| 8:19 | Queue | Fishing Ship |
| 8:31 | Build | House |
| 8:52 | Queue | Villager (Male) |
| 8:53 | Queue | Villager (Male) |
| 9:01 | Build | Mill |
| 9:39 | Queue | Villager (Male) |
| 9:39 | Queue | Villager (Male) |
| 9:45 | Queue | Fishing Ship |
| 9:49 | Queue | Fishing Ship |
| 10:10 | Queue | Fishing Ship |
| 10:45 | Build | House |
| 10:59 | Queue | Fishing Ship |
| 11:30 | Research | Feudal Age |
| 11:48 | Build | Mining Camp |
| 11:54 | Queue | Villager (Male) |
| 11:54 | Queue | Villager (Male) |
| 13:44 | Age | Feudal Age |
| 13:49 | Build | Market |
| 13:55 | Build | Blacksmith |
| 14:47 | Research | Castle Age |
| 15:12 | Research | Tech 906 |
| 15:41 | Build | House |
| 16:46 | Build | Dock |
| 16:51 | Queue | Fire Galley |
| 16:51 | Queue | Fire Galley |
| 16:51 | Queue | Fire Galley |
| 17:12 | Age | Castle Age |
| 17:46 | Build | Dock |
| 17:55 | Build | House |
| 18:14 | Research | War Galley (upgrade) |
| 18:20 | Queue | Unit 2626 |
| 18:21 | Queue | Unit 2626 |
| 18:21 | Queue | Unit 2626 |
| 18:21 | Queue | Unit 2626 |
| 18:40 | Queue | Unit 2626 |
| 18:40 | Queue | Unit 2626 |
| 18:40 | Queue | Unit 2626 |
| 18:41 | Queue | Unit 2626 |
| 18:41 | Queue | Unit 2626 |
| 18:41 | Queue | Unit 2626 |
| 18:42 | Queue | Unit 2626 |
| 18:42 | Queue | Unit 2626 |
| 18:42 | Queue | Unit 2626 |
| 18:53 | Queue | Villager (Male) |
| 18:54 | Queue | Villager (Male) |
| 18:54 | Queue | Villager (Male) |
| 18:54 | Queue | Villager (Male) |
| 22:19 | Research | Forging |
| 23:16 | Build | Town Center |
| 23:25 | Build | Town Center |
| 23:30 | Queue | Villager (Male) |
| 23:30 | Queue | Villager (Male) |
| 23:31 | Queue | Villager (Male) |
| 23:31 | Queue | Villager (Male) |
| 23:31 | Queue | Villager (Male) |
| 26:28 | Queue | Villager (Male) |
| 26:29 | Queue | Villager (Male) |
| 26:29 | Queue | Villager (Male) |
| 26:29 | Queue | Villager (Male) |
| 26:51 | Build | House |
| 28:00 | Queue | Villager (Male) |
| 28:01 | Queue | Villager (Male) |
| 28:01 | Queue | Villager (Male) |
| 28:40 | Build | Farm |
| 28:42 | Build | Farm |
| 28:44 | Build | Farm |
| 28:53 | Queue | Villager (Male) |
| 28:53 | Queue | Villager (Male) |
| 28:54 | Queue | Villager (Male) |
| 28:54 | Queue | Villager (Male) |
| 29:00 | Build | Farm |
| 29:04 | Build | Farm |
| 29:22 | Build | Farm |
| 29:24 | Queue | Villager (Male) |
| 29:45 | Queue | Villager (Male) |
| 29:45 | Queue | Villager (Male) |
| 29:45 | Queue | Villager (Male) |
| 29:45 | Queue | Villager (Male) |
| 29:46 | Queue | Villager (Male) |
| 29:46 | Queue | Villager (Male) |
| 29:54 | Queue | Villager (Male) |
| 29:54 | Queue | Villager (Male) |
| 30:01 | Build | Farm |
| 30:14 | Build | Farm |
| 30:25 | Build | Farm |
| 30:28 | Build | Farm |
| 30:29 | Queue | Villager (Male) |
| 30:30 | Queue | Villager (Male) |
| 30:37 | Queue | Villager (Male) |
| 30:37 | Queue | Villager (Male) |
| 30:37 | Queue | Villager (Male) |
| 30:41 | Build | Farm |
| 31:29 | Build | Farm |
| 31:30 | Queue | Villager (Male) |
| 31:31 | Queue | Villager (Male) |
| 31:31 | Queue | Villager (Male) |
| 31:31 | Queue | Villager (Male) |
| 31:32 | Queue | Villager (Male) |
| 31:32 | Queue | Villager (Male) |
| 32:23 | Build | Farm |
| 32:25 | Queue | Villager (Male) |
| 32:25 | Queue | Villager (Male) |
| 32:26 | Queue | Villager (Male) |
| 32:26 | Queue | Villager (Male) |
| 32:26 | Queue | Villager (Male) |
Match timeline
| 0:31 | OS+ | TheKroks · first_building Dock |
| 0:33 | ELEOS | ElNoniro · first_building Dock |
| 0:40 | ELEOS | wosm · first_building Dock |
| 0:43 | Vazero · first_building Dock |
| 0:59 | _LY_Pala · first_building Dock |
| 1:30 | _LY_lyx · first_building Dock |
| 1:36 | 合川狗大高手 · first_building Dock |
| 1:41 | 青烟袅袅 · first_building Dock |
| 4:43 | _LY_Pala · wall_segment Palisade Wall x1 |
| 5:35 | _LY_Pala · wall_segment Palisade Wall x1 |
| 5:36 | _LY_Pala · wall_segment Palisade Wall x1 |
| 5:37 | _LY_Pala · wall_segment Palisade Wall x1 |
| 5:38 | _LY_Pala · wall_segment Palisade Wall x1 |
| 5:38 | _LY_Pala · wall_segment Palisade Wall x1 |
| 8:05 | ELEOS | wosm · wall_segment Palisade Wall x1 |
| 8:06 | ELEOS | wosm · wall_segment Palisade Wall x1 |
| 8:08 | ELEOS | wosm · wall_segment Palisade Wall x1 |
| 8:19 | ELEOS | wosm · wall_segment Palisade Wall x1 |
| 8:37 | _LY_Pala · wall_segment Palisade Wall x1 |
| 9:55 | ELEOS | wosm · wall_segment Palisade Wall x1 |
| 10:48 | OS+ | TheKroks · wall_segment Palisade Wall x1 |
| 10:53 | ELEOS | wosm · wall_segment Palisade Wall x1 |
| 11:08 | ELEOS | wosm · wall_segment Palisade Wall x1 |
| 11:12 | _LY_Pala · wall_segment Palisade Wall x1 |
| 11:14 | _LY_Pala · wall_segment Palisade Wall x1 |
| 11:23 | ELEOS | wosm · wall_segment Palisade Wall x1 |
| 11:24 | _LY_Pala · wall_segment Palisade Wall x1 |
| 11:27 | ELEOS | wosm · wall_segment Palisade Wall x1 |
| 12:59 | _LY_Pala · age_up feudal |
| 13:07 | OS+ | TheKroks · first_building Barracks |
| 13:24 | _LY_Pala · wall_segment Palisade Wall x1 |
| 13:25 | ELEOS | ElNoniro · age_up feudal |
| 13:25 | 合川狗大高手 · first_building Barracks |
| 13:28 | _LY_Pala · wall_segment Palisade Wall x1 |
| 13:30 | _LY_Pala · wall_segment Palisade Wall x1 |
| 13:37 | _LY_lyx · age_up feudal |
| 13:44 | 青烟袅袅 · age_up feudal |
| 14:28 | ELEOS | ElNoniro · first_market_sell 100 food |
| 14:40 | ELEOS | wosm · first_building Barracks |
| 14:57 | 合川狗大高手 · age_up feudal |
| 14:57 | OS+ | TheKroks · age_up feudal |
| 14:58 | OS+ | TheKroks · first_building Stable |
| 14:58 | 合川狗大高手 · first_building Archery Range |
| 15:32 | _LY_lyx · wall_segment Palisade Wall x1 |
| 15:45 | Vazero · first_building Barracks |
| 16:03 | ELEOS | wosm · age_up feudal |
| 16:04 | ELEOS | wosm · first_building Stable |
| 16:05 | ELEOS | ElNoniro · first_market_buy 100 wood |
| 16:12 | Vazero · age_up feudal |
| 16:37 | Vazero · first_building Stable |
| 16:57 | ELEOS | ElNoniro · age_up castle |
| 16:59 | 青烟袅袅 · first_market_buy 100 wood |
| 17:11 | _LY_lyx · age_up castle |
| 17:12 | 青烟袅袅 · age_up castle |
| 17:17 | ELEOS | wosm · wall_segment Palisade Wall x1 |
| 17:23 | _LY_lyx · first_market_buy 100 stone |
| 17:50 | _LY_lyx · first_building Castle |
| 18:01 | _LY_lyx · wall_segment Stone Wall x1 |
| 18:22 | _LY_lyx · wall_segment Palisade Wall x1 |
| 18:27 | 合川狗大高手 · age_up castle |
| 18:29 | 青烟袅袅 · first_market_sell 100 food |
| 18:31 | OS+ | TheKroks · age_up castle |
| 18:38 | _LY_Pala · wall_segment Palisade Wall x1 |
| 19:41 | Vazero · wall_segment Palisade Wall x1 |
| 19:45 | _LY_Pala · wall_segment Palisade Wall x1 |
| 19:47 | _LY_Pala · wall_segment Palisade Wall x1 |
| 19:49 | _LY_Pala · age_up castle |
| 19:56 | Vazero · wall_segment Palisade Wall x1 |
| 19:58 | ELEOS | wosm · age_up castle |
| 20:23 | 合川狗大高手 · wall_segment Palisade Wall x1 |
| 20:24 | 合川狗大高手 · wall_segment Palisade Wall x1 |
| 20:33 | Vazero · wall_segment Palisade Wall x1 |
| 20:59 | 合川狗大高手 · first_building Siege Workshop |
| 21:04 | Vazero · wall_segment Palisade Wall x1 |
| 21:20 | ELEOS | wosm · first_building Archery Range |
| 21:27 | ELEOS | wosm · first_building Siege Workshop |
| 21:34 | _LY_lyx · first_market_sell 100 stone |
| 21:37 | ELEOS | ElNoniro · first_building Monastery |
| 21:55 | _LY_Pala · wall_segment Palisade Wall x1 |
| 22:05 | _LY_Pala · wall_segment Palisade Wall x1 |
| 22:13 | _LY_lyx · first_building Siege Workshop |
| 22:26 | ELEOS | ElNoniro · wall_segment Palisade Wall x1 |
| 22:38 | 合川狗大高手 · wall_segment Palisade Wall x1 |
| 22:39 | 合川狗大高手 · wall_segment Palisade Wall x1 |
| 22:40 | 合川狗大高手 · wall_segment Palisade Wall x1 |
| 22:41 | ELEOS | ElNoniro · wall_segment Palisade Wall x1 |
| 22:42 | 合川狗大高手 · wall_segment Palisade Wall x1 |
| 22:46 | ELEOS | ElNoniro · first_building Barracks |
| 22:48 | 合川狗大高手 · wall_segment Palisade Wall x1 |
| 22:56 | _LY_Pala · wall_segment Palisade Wall x1 |
| 22:57 | _LY_Pala · wall_segment Palisade Wall x1 |
| 22:59 | _LY_Pala · wall_segment Palisade Wall x1 |
| 23:04 | _LY_Pala · wall_segment Palisade Wall x1 |
| 23:05 | _LY_Pala · wall_segment Palisade Wall x1 |
| 23:07 | _LY_Pala · wall_segment Palisade Wall x1 |
| 23:24 | 合川狗大高手 · wall_segment Palisade Wall x1 |
| 23:50 | Vazero · age_up castle |
| 24:13 | Vazero · wall_segment Palisade Wall x1 |
| 24:15 | Vazero · wall_segment Palisade Wall x1 |
| 24:49 | ELEOS | ElNoniro · first_building Castle |
| 25:27 | ELEOS | ElNoniro · age_up imperial |
| 25:42 | Vazero · wall_segment Palisade Wall x1 |
| 25:47 | Vazero · wall_segment Palisade Wall x1 |
| 26:04 | ELEOS | ElNoniro · first_building Siege Workshop |
| 26:17 | OS+ | TheKroks · first_building Castle |
| 28:28 | ELEOS | ElNoniro · tribute_sent a jugador 1 |
| 28:28 | ELEOS | ElNoniro · tribute_sent a jugador 2 |
| 28:28 | ELEOS | ElNoniro · tribute_sent a jugador 3 |
| 28:28 | ELEOS | ElNoniro · tribute_sent a jugador 5 |
| 28:28 | ELEOS | ElNoniro · tribute_sent a jugador 6 |
| 28:28 | ELEOS | ElNoniro · tribute_sent a jugador 7 |
| 28:28 | ELEOS | ElNoniro · tribute_sent a jugador 8 |
| 28:45 | _LY_Pala · first_building Monastery |
| 28:48 | ELEOS | ElNoniro · tribute_sent a jugador 1 |
| 28:48 | ELEOS | ElNoniro · tribute_sent a jugador 2 |
| 28:48 | ELEOS | ElNoniro · tribute_sent a jugador 3 |
| 28:48 | ELEOS | ElNoniro · tribute_sent a jugador 5 |
| 28:48 | ELEOS | ElNoniro · tribute_sent a jugador 6 |
| 28:48 | ELEOS | ElNoniro · tribute_sent a jugador 7 |
| 28:48 | ELEOS | ElNoniro · tribute_sent a jugador 8 |
| 28:59 | Vazero · wall_segment Palisade Wall x1 |
| 29:18 | 合川狗大高手 · wall_segment Palisade Wall x1 |
| 29:39 | ELEOS | wosm · wall_segment Palisade Wall x1 |
| 30:36 | OS+ | TheKroks · age_up imperial |
| 30:41 | _LY_Pala · first_building Barracks |
| 31:45 | OS+ | TheKroks · first_market_buy 100 stone |
| 32:11 | _LY_lyx · resign |
[ AI ANALYSIS · 1 CREDIT ]
What really happened in this match?
Wolo.gg analyzes every decision: build order, eco, micro, common mistakes by bracket. Personalized analysis on WhatsApp or Discord in 30 seconds.
Civ guide
Dravidians
Perfil
Jugador #4278050